 Dungeon Crawl Stone Soup version 0.23.1 (webtiles) character file.

Game seed: 12737898380298008812

4820 Norn the Slinger (level 10, -10/70 (71) HPs)
             Began as a Halfling Hunter on Mar 16, 2019.
             Was an Elder of Okawaru.
             Mangled by an orc warrior
             ... wielding a +0 short sword
              (14 damage)
             ... on level 9 of the Dungeon.
             The game lasted 00:23:03 (11742 turns).

Norn the Slinger (Halfling Hunter)                 Turns: 11742, Time: 00:23:03

HP:   -10/70 (71)   AC:  5    Str: 13    XL:     10   Next: 77%
MP:   10/10         EV: 21    Int: 12    God:    Okawaru [****..]
Gold: 234           SH:  0    Dex: 16    Spells: 9/9 levels left

rFire    . . .     SeeInvis .   b - +1 dagger (elec)
rCold    . . .     Gourm    .   (shield restricted)
rNeg     . . .     Faith    .   K - +0 leather armour
rPois    .         Spirit   .   y - +1 helmet
rElec    .         Reflect  .   (no cloak)
rCorr    .         Harm     .   (no gloves)
MR       .....                  (no boots)
Stlth    ++........             (no amulet)
HPRegen  0.21/turn              (no ring)
MPRegen  0.12/turn              (no ring)

@: no status effects
A: small, mutation resistance 1
a: Heroism, Renounce Religion


You were on level 9 of the Dungeon.
You worshipped Okawaru.
Okawaru was greatly pleased with you.
You were hungry.

You visited 2 branches of the dungeon, and saw 10 of its levels.

You collected 570 gold pieces.
You spent 336 gold pieces at shops.

Inventory:

Hand Weapons
 a - a +1 hunting sling
 b - a +1 dagger of electrocution (weapon)
   (You took it off a goblin on level 1 of the Dungeon)
Missiles
 k - 109 stones (quivered)
 v - 91 sling bullets
 M - 2 throwing nets {!f}
Armour
 i - a +0 pair of gloves
   (You found it on level 8 of the Dungeon)
 l - a cursed -1 pair of gloves
   (You found it on level 5 of the Dungeon)
 y - a +1 helmet (worn)
   (You found it on level 4 of the Dungeon)
 C - a +0 pair of boots
   (You found it on level 6 of the Dungeon)
 F - the +0 leather armour of the Turtle {rC++ SInv, unknown}
   (You found it on level 8 of the Dungeon)

   It greatly protects you from cold.
   It lets you see invisible.
 K - a +0 leather armour (worn)
Jewellery
 m - an uncursed ring of fire {unknown}
   (You found it on level 1 of the Dungeon)
 z - an uncursed ring of wizardry {unknown}
   (You found it on level 4 of the Dungeon)
 A - an uncursed ring of positive energy {unknown}
   (You found it on level 5 of the Dungeon)
 G - an uncursed ring of protection from magic {unknown}
   (You found it on level 7 of the Dungeon)
 N - a +2 amulet of reflection {unknown}
   (You found it on level 8 of the Dungeon)
 O - an uncursed ring of ice {unknown}
   (You found it on level 9 of the Dungeon)
Wands
 c - a wand of disintegration (8)
   (You found it on level 8 of the Dungeon)
 d - a wand of iceblast (6)
   (You found it on level 3 of the Dungeon)
 t - a wand of flame (13)
   (You found it on level 3 of the Dungeon)
 u - a wand of paralysis (17)
   (You bought it in a shop on level 9 of the Dungeon)
 H - a wand of polymorph (8)
   (You found it on level 7 of the Dungeon)
 Q - a wand of enslavement (9)
   (You found it on level 9 of the Dungeon)
Scrolls
 f - 3 scrolls of immolation {unknown}
 g - 3 scrolls of remove curse {unknown}
 h - 4 scrolls of magic mapping {unknown}
 j - a scroll of vulnerability {unknown}
 n - 5 scrolls of identify {unknown}
 w - 4 scrolls of teleportation {unknown}
 x - 2 scrolls of amnesia {unknown}
 E - a scroll of fog {unknown}
 I - a scroll of enchant weapon {unknown}
 J - a scroll of brand weapon {unknown}
 L - 2 scrolls of enchant armour {unknown}
Potions
 o - 4 potions of lignification {unknown}
 p - a potion of might {unknown}
 q - 2 potions of curing {unknown}
 r - 2 potions of degeneration {unknown}
 s - 2 potions of agility {unknown}
 B - a potion of berserk rage {unknown}
 D - 2 potions of magic {unknown}
 P - 2 potions of haste {unknown}
Comestibles
 e - 8 rations {!d}


   Skills:
 + Level 7.4 Fighting
 - Level 14.0 Slings
 + Level 4.1 Armour
 + Level 8.8 Dodging
 - Level 1.1 Stealth


You had 9 spell levels left.
You didn't know any spells.
Your spell library contained the following spells:

 Spells                   Type           Power        Failure   Level  Hunger
 Corona                   Hex            #......      38%         1    ##.....
 Magic Dart               Conj           #...         38%         1    ##.....
 Summon Small Mammal      Summ           #...         38%         1    ##.....
 Call Imp                 Summ           #.......     52%         2    ###....
 Searing Ray              Conj           #.....       52%         2    ###....
 Slow                     Hex            #.......     52%         2    ###....
 Call Canine Familiar     Summ           #.......     77%         3    ####...
 Dazzling Spray           Conj/Hex       #.....       77%         3    ####...
 Inner Flame              Hex/Fire       #.......     77%         3    ####...
 Portal Projectile        Hex/Tloc       #.....       77%         3    ####...
 Summon Guardian Golem    Hex/Summ       #.......     77%         3    ####...
 Cause Fear               Hex            #.........   99%         4    #####..
 Force Lance              Conj/Tloc      #.......     99%         4    #####..
 Fulminant Prism          Conj/Hex       #.........   99%         4    #####..
 Iskenderun's Mystic Bla  Conj           #.......     99%         4    #####..
 Leda's Liquefaction      Hex/Erth       #.........   99%         4    #####..
 Summon Ice Beast         Ice/Summ       #.......     99%         4    #####..
 Summon Lightning Spire   Summ/Air       #.......     99%         4    #####..
 Bolt of Magma            Conj/Fire/Erth #.........   100%        5    ######.
 Iskenderun's Battlesphe  Conj/Chrm      #.......     100%        5    ######.
 Venom Bolt               Conj/Pois      #.........   100%        5    ######.
 Iron Shot                Conj/Erth      #.........   100%        6    #######
 Orb of Destruction       Conj           #.........   100%        7    #######
 Spellforged Servitor     Conj/Summ      #.........   100%        7    #######


Dungeon Overview and Level Annotations

Branches:
Dungeon (9/15)             Temple (1/1) D:4            Lair (0/6) D:9
    Orc: D:9-12

Altars:
Ashenzari
Cheibriados
Dithmenos
Elyvilon
Fedhas
Gozag
Hepliaklqana
Kikubaaqudgha
Makhleb
Nemelex Xobeh
Okawaru
Qazlal
Ru
Sif Muna
Trog
Uskayaw
Vehumet
Wu Jian
Xom
Yredelemnul
Zin
The Shining One

Shops:
D:9 }

Annotations:
D:2 1 runed translucent door, Crazy Yiuf
D:8 Gastronok


Innate Abilities, Weirdness & Mutations

You are small and have problems with some larger weapons.
You are somewhat resistant to further mutation.


Message History

Found two falchions.
You see here a falchion.
You see here a falchion.
An orc wizard comes into view. It is wielding a +0 dagger.
The orc wizard shouts!
An orc wizard is nearby!
An orc warrior comes into view. It is wielding a +0 short sword.
An orc priest comes into view. It is wielding a +0 dagger.
The orc warrior shouts!
The orc priest shouts!
The orc wizard gestures at you while chanting.
The puff of frost hits you.
You hit the orc wizard but do no damage.
Lightning courses through the orc wizard!
You kill the orc wizard!
Okawaru accepts your kill. The orc warrior closely misses you.
Things that are here:
a +0 dagger; a +0 robe; an orc corpse You hit the orc warrior but do no damage.
The orc warrior hits you with a +0 short sword!
The orc priest invokes the aid of Beogh against you.
Beogh smites you!
You are feeling hungry.
You completely miss the orc warrior. The orc warrior misses you.
You barely miss the orc warrior. The orc warrior closely misses you.
You hit the orc warrior but do no damage.
Lightning courses through the orc warrior!
The orc warrior completely misses you.
You closely miss the orc warrior. The orc warrior barely misses you.
You closely miss the orc warrior. The orc warrior completely misses you.
The orc priest calls down the wrath of Beogh upon you.
Beogh smites you!
* * * LOW HITPOINT WARNING * * *
You hit the orc warrior but do no damage.
Lightning courses through the orc warrior!
The orc warrior closely misses you.
You hit the orc warrior but do no damage.
The orc warrior hits you with a +0 short sword!
* * * LOW HITPOINT WARNING * * *
You hit the orc warrior. The orc warrior closely misses you.
The orc priest calls upon Beogh to heal the orc warrior.
The orc warrior is healed somewhat.
You hit the orc warrior. The orc warrior completely misses you.
The orc priest invokes the aid of Beogh against you.
Beogh smites you!
* * * LOW HITPOINT WARNING * * *
Okay, then.
You barely miss the orc warrior.
The orc warrior hits you with a +0 short sword!
You die...

.########
########.#.# .#
#...# .# ###.#
.### ...#
###### .#.#####
###....
........ ....#
.#.####
#####.#####.#
...#
#......@oo..#
.###
#.#########....
.#########.# #
...).).....#
############


You could see an orc warrior and an orc priest.

Vanquished Creatures
  Harold (D:8)
  6 yaks (D:9)
  Duvessa (D:7)
  2 orc warriors
  A black bear (D:9)
  2 sky beasts
  3 ice beasts
  3 phantoms
  A necrophage (D:9)
  A centaur (D:8)
  3 ogres
  A crocodile (D:8)
  A big kobold (D:9)
  5 bullfrogs
  3 scorpions (D:6)
  Dowan (D:7)
  A howler monkey (D:6)
  2 crimson imps
  2 orc priests
  5 hounds
  2 jellies
  6 orc wizards
  2 bullfrog skeletons
  2 iguanas
  9 worker ants
  A hound skeleton (D:5)
  5 adders
  A gnoll (D:1)
  2 shadow imps
  2 oozes
  3 worms
  5 adder skeletons
  3 dart slugs
  10 leopard geckos
  11 orcs
  9 bats
  4 giant cockroaches
  7 goblins
  8 hobgoblins
  12 jackals
  7 kobolds
  9 quokkas
  5 frilled lizards
  2 leopard gecko skeletons
  A quokka skeleton (D:8)
  8 rats
181 creatures vanquished.

Notes
Turn   | Place    | Note
-------+----------+-------------------------------------------
     0 | D:1      | Norn the Halfling Hunter began the quest for the Orb.
     0 | D:1      | Reached XP level 1. HP: 14/14 MP: 1/1
    13 | D:1      | Reached skill level 6 in Slings
    26 | D:1      | Reached XP level 2. HP: 17/19 MP: 2/2
   581 | D:1      | Reached XP level 3. HP: 18/24 MP: 3/3
  1159 | D:1      | Reached XP level 4. HP: 30/30 MP: 4/4
  1403 | D:1      | Reached skill level 7 in Slings
  1420 | D:1      | You fall through a shaft!
  1928 | D:2      | Found a runed translucent door.
  1929 | D:2      | Noticed Crazy Yiuf
  2116 | D:2      | Found a glowing silver altar of Zin.
  2283 | D:3      | Reached XP level 5. HP: 35/35 MP: 5/5
  2362 | D:3      | Found a sparkling altar of Nemelex Xobeh.
  3167 | D:3      | Found a basalt altar of Yredelemnul.
  3230 | D:4      | Reached skill level 8 in Slings
  3330 | D:4      | Reached XP level 6. HP: 29/42 MP: 6/6
  3574 | D:4      | Found a staircase to the Ecumenical Temple.
  3664 | Temple   | Entered the Ecumenical Temple
  3765 | Temple   | Became a worshipper of Warmaster Okawaru
  3926 | D:4      | Found a blossoming altar of Fedhas.
  3926 | D:4      | Found a deep blue altar of Sif Muna.
  4040 | D:4      | Found a faded altar of an unknown god.
  4042 | D:4      | Found a burning altar of Makhleb.
  4043 | D:4      | Found a faded altar of an unknown god.
  4364 | D:5      | Entered Level 5 of the Dungeon
  4368 | D:5      | Reached skill level 9 in Slings
  4368 | D:5      | Reached XP level 7. HP: 46/46 MP: 7/7
  4701 | D:5      | HP: 2/46 [orc warrior/+0 morningstar (13)]
  4712 | D:5      | Reached * piety under Okawaru
  5101 | D:5      | Reached skill level 10 in Slings
  5246 | D:5      | Reached skill level 5 in Dodging
  5246 | D:5      | Reached XP level 8. HP: 54/54 MP: 8/8
  5630 | D:6      | Reached ** piety under Okawaru
  5630 | D:6      | Reached skill level 11 in Slings
  5833 | D:6      | Reached skill level 5 in Fighting
  5908 | D:6      | Reached XP level 9. HP: 61/61 MP: 9/9
  6018 | D:6      | Reached skill level 12 in Slings
  6584 | D:7      | Noticed Duvessa
  6584 | D:7      | Noticed Dowan
  6618 | D:7      | Killed Dowan
  6989 | D:7      | Reached *** piety under Okawaru
  7014 | D:7      | Killed Duvessa
  7446 | D:7      | Found a shattered altar of Ashenzari.
  7562 | D:8      | Reached skill level 13 in Slings
  7571 | D:8      | Got a smoking leather armour
  7580 | D:8      | Noticed Harold
  7913 | D:8      | Killed Harold
  7913 | D:8      | Reached XP level 10. HP: 27/68 MP: 10/10
  8166 | D:8      | Reached skill level 14 in Slings
  8874 | D:8      | Reached skill level 1 in Armour
  9016 | D:8      | Found an opulent altar of Gozag.
  9274 | D:8      | Found a deep blue altar of Sif Muna.
  9276 | D:8      | Noticed Gastronok
 10502 | D:9      | Received a gift from Okawaru
 10922 | D:9      | Found a staircase to the Lair.
 11333 | D:8      | Reached **** piety under Okawaru
 11340 | D:8      | Received a gift from Okawaru
 11497 | D:9      | Found Fodic's Gadget Boutique.
 11507 | D:9      | Bought a wand of paralysis (9) for 176 gold pieces
 11507 | D:9      | Bought a wand of paralysis (8) for 160 gold pieces
 11742 | D:9      | Mangled by an orc warrior

Skill      XL: |  1  2  3  4  5  6  7  8  9 10 |
---------------+-------------------------------+-----
Slings         | 6 7 8 9 10 11 13 14 | 14.0
Fighting       | 2 3 4 5 6 7 |  7.4
Dodging        | 3 4 5 6 7 8 |  8.8
Armour         | 4 |  4.1
Stealth        | |  1.1

Action                   |  1- 3 |  4- 6 |  7- 9 | 10-12 || total
-------------------------+-------+-------+-------+-------++-------
Melee: Short sword       |    64 |       |       |       ||    64
       Dagger            |       |       |       |   230 ||   230
 Fire: Hunting sling     |    46 |   184 |   425 |    62 ||   717
Invok: Heroism           |       |       |       |     3 ||     3
Evoke: Wand              |       |       |     7 |     3 ||    10
  Use: Potion            |       |       |     1 |     2 ||     3
 Stab: Sleeping          |       |       |       |     2 ||     2
  Eat: Chunk             |     1 |     9 |    10 |     2 ||    22
       Ration            |       |       |       |     3 ||     3
Armor: Leather armour    |     9 |     9 |    12 |    21 ||    51
Dodge: Dodged            |    70 |    29 |    79 |   198 ||   376
